[Event "*** Titled Tuesday Blitz"]
[Site "Chess.com"]
[Date "2020.05.19"]
[Round "10"]
[White "Ashedu66"]
[Black "PawnEatingZombie"]
[Result "1/2-1/2"]
[WhiteElo "2131"]
[BlackElo "2219"]
[TimeControl "180+1"]
[EndTime "13:56:56 PDT"]
[Termination "Game drawn by repetition"]

1. d4 d5 2. c4 e6 3. Nc3 Bb4 4. Qa4+ Nc6 5. e3 Nf6 6. Bd2 O-O 7. Nf3 dxc4 8. Bxc4 a6 9. Qc2 Bd6 10. Rd1 Qe7 11.
O-O e5 12. d5 Na7 13. e4 Bg4 14. Be2 c6 15. Bg5 h6 16. Bh4 Rac8 17. dxc6 Rxc6 18. Qb1 Bxf3 19. Nd5 Bxe2 20. Nxe7+ Bxe7 21. Rfe1 Bxd1 22. Qxd1 Nb5 23. Bxf6 Bxf6 24. Qb3 Rc7 25. g3 Nd4 26. Qd3 Rfc8 27. Kg2 Rc2 28. Rf1 Rxb2 29. Qa3 Rcc2 30. Qa4 Rxa2 31. Qe8+ Kh7 32. Qxf7 b5 33. h4 b4 34. h5 b3 35. Qg6+ Kg8 36. Qe8+ Kh7 37. Qg6+ Kg8 38. Qe8+ Kh7 39. Qg6+ 1/2-1/2

[Event "*** Titled Tuesday Blitz"]
[Site "Chess.com"]
[Date "2020.05.19"]
[Round "10"]
[White "Keks2017"]
[Black "Abund"]
[Result "1-0"]
[WhiteElo "2532"]
[BlackElo "2602"]
[TimeControl "180+1"]
[EndTime "13:56:57 PDT"]
[Termination "Keks2017 won on time"]

1. e4 c5 2. d3 Nc6 3. g3 g6 4. Bg2 Bg7 5. f4 e6 6. Nf3 Nge7 7. O-O d6 8. c3 O-O 9. Be3 b6 10. Bf2 Ba6 11. Re1 Rc8 12. a4 Qd7 13. Na3 Rfd8 14. Rb1 Na5 15. b4 cxb4 16. cxb4 Rc3 17. Nb5 Bxb5 18.
axb5 Nb7 19. Nd4 e5 20. Ne2 Ra3 21. d4 exf4 22. Nxf4 Qxb5 23. Qc1 Ra2 24. e5 dxe5 25. dxe5 Rdd2 26. Be3 Rdc2 27. Qd1 Nc6 28. Qd7 Nbd8 29. Bd5 Bxe5 30. Nh3 Rab2 31. Rxb2 Rxb2 32. Bh6 Qxb4 33. Qe8+ 1-0

[Event "*** Titled Tuesday Blitz"]
[Site "Chess.com"]
[Date "2020.05.19"]
[Round "10"]
[White "gvanna"]
[Black "FMJoseHerrera"]
[Result "0-1"]
[WhiteElo "2466"]
[BlackElo "2637"]
[TimeControl "180+1"]
[EndTime "13:56:57 PDT"]
[Termination "FMJoseHerrera won by resignation"]

1. e4 c5 2. Nf3 e6 3. d4 cxd4 4.
Nxd4 a6 5. Bd3 Qc7 6. O-O d6 7. c4 Nd7 8. b3 Ngf6 9. Bb2 Be7 10. Nc3 b6 11. Qe2 Bb7 12. Rae1 h5 13. h3 h4 14. Bb1 Rc8 15. Nf3 Ne5 16. Na4 Nh5 17. Nxe5 dxe5 18. Qg4 Bf6 19. Ba3 Nf4 20. Rd1 Rh6 21. Bd6 Qc6 22.
Qf3 Rg6 23. Kh1 Rxg2 24. Ba3 Rg6 25. Qe3 b5 26. cxb5 axb5 27. Rc1 Qa6 28. Rxc8+ Bxc8 29.
Qc5 b4 30. Rc1 bxa3 31. Nb6 Bd7 32. Qc7 Qb5 33. Nxd7 Qxd7 34. Qb8+ Bd8 35. Qb4 Nd3 36. Bxd3 Qxd3 37. Kh2 Qf3 38. Qb5+ Kf8 39. Qc5+ Kg8 40.
Rg1 Qf4+ 41. Kh1 Qxe4+ 42. Kh2 Qf4+ 43. Kh1 Qe4+ 44. Kh2 Rxg1 45. Kxg1 Qb1+ 46. Kg2 Qxa2 47. Qc8 Qd2 48. b4 a2 49. Qa8 Qd5+ 50. Qxd5 exd5 51. b5 Bb6 0-1

[Event "*** Titled Tuesday Blitz"]
[Site "Chess.com"]
[Date "2020.05.19"]
[Round "10"]
[White "GigaQuparadze"]
[Black "kirillshevchenko"]
[Result "0-1"]
[WhiteElo "2867"]
[BlackElo "2940"]
[TimeControl "180+1"]
[EndTime "13:56:59 PDT"]
[Termination "kirillshevchenko won by resignation"]

1. e4 c5 2. Nc3 d6 3. d4 cxd4 4. Qxd4 Nc6 5. Qd2 g6 6. b3 Bh6 7. f4 Nf6 8. Bb2 O-O 9. O-O-O a5 10. Bb5 Qb6 11. a4 e5 12. g3 Nd4 13. Nge2 Nxb5 14.
axb5 Rd8 15. Kb1 Bg4 16. h3 Bf3 17. Rhf1 Nxe4 18. Nxe4 Bxe4 19. Nc3 d5 20. Qe2 exf4 21. gxf4 Bg7 22. Nxe4 Bxb2 23. Kxb2 dxe4 24. Qxe4 Qxb5 25.
Rfe1 Rxd1 26. Rxd1 a4 27. Rd5 Qb6 28. Qe5 axb3 29.
cxb3 Qf2+ 30. Kc3 Rc8+ 31. Kb4 Qb6+ 32. Rb5 Qc6 33. f5 Re8 34. Qc5 Qe4+ 35. Ka3 Ra8+ 36. Kb2 Qe2+ 37. Kc3 Rd8 38. Kb4 Qd2+ 39. Kc4 Qf4+ 40.
Kc3 Rd1 41. Kb2 Qd2+ 42. Qc2 Qd4+ 43. Qc3 Rd2+ 44. Kb1 Qxc3 0-1

[Event "*** Titled Tuesday Blitz"]
[Site "Chess.com"]
[Date "2020.05.19"]
[Round "10"]
[White "Novoselski"]
[Black "Storchnoi"]
[Result "1-0"]
[WhiteElo "2326"]
[BlackElo "1975"]
[TimeControl "180+1"]
[EndTime "13:56:59 PDT"]
[Termination "Novoselski won by resignation"]

1. e4 c5 2. Nf3 Nc6 3. Nc3 d6 4. Bc4 e6 5. O-O a6 6. Re1 b5 7. Bf1 Nf6 8. a4 b4 9. Nb1 Be7 10. d4 cxd4 11. Nxd4 Nxd4 12. Qxd4 O-O 13. c3 a5 14. cxb4 axb4 15. Nd2 Rb8 16. a5 d5 17. e5 Nd7 18. Nb3 Qc7 19. Bf4 Ra8 20. Rec1 Qa7 21. Qxa7 Rxa7 22. Be3 Ra8 23. f4 g6 24. a6 Rd8 25. Bb5 Nf8 26. Bb6 Bd7 27. Bxd8 Bxd8 28. Bc6 Bxc6 29. Rxc6 Nd7 30. Kf1 Bb6 31. Ke2 Kf8 32.
g4 Ke7 33. g5 Bd8 34. Nc5 Nxc5 35. Rxc5 Bb6 36. Rb5 Bd4 37. Rxb4 Bc5 38. Rb7+ Kf8 39. b4 Bd4 40. Ra4 Bg1 41. h3 Bd4 42. b5 Bg1 43. a7 Bc5 44. Rb8+ 1-0

[Event "*** Titled Tuesday Blitz"]
[Site "Chess.com"]
[Date "2020.05.19"]
[Round "10"]
[White "Kavyev_Ruslan"]
[Black "Bathory44"]
[Result "1/2-1/2"]
[WhiteElo "2456"]
[BlackElo "2576"]
[TimeControl "180+1"]
[EndTime "13:57:00 PDT"]
[Termination "Game drawn by repetition"]

1. d4 Nf6 2. c4 g6 3. Nc3 Bg7 4. e4 d6 5. Be2 O-O 6. Be3 e5 7. d5 Na6 8. g4 Nc5 9. f3 h5 10. g5 Nh7 11. h4 f6 12. Qd2 fxg5 13. hxg5 a5 14. Nh3 Rf7 15. O-O-O Bf8 16. Rdg1 a4 17. Kb1 Bd7 18. Bd1 Qc8 19. Nf2 Qb8 20. Be2 Qa7 21. Nb5 Bxb5 22. cxb5 b6 23. Nd3 Nxd3 24.
Qxd3 Be7 25. Qd2 a3 26. b3 Raf8 27. Rc1 Bd8 28. Rcg1 Qb8 29. Qb4 Qa8 30. Rh2 Rf4 31.
Rhg2 h4 32. Rg4 Rxg4 33. Rxg4 h3 34. Qe1 Be7 35. Bd2 Qd8 36. Qh4 Rf4 37. Bxf4 exf4 38. Qxh3 Bxg5 39. Qf1 Qf6 40. Qc1 Qe5 41. Qxa3 Bf6 42.
Rxg6+ Kf7 43. Rxf6+ Nxf6 44. Qc1 Nxd5 45. exd5 Qxe2 46.
Qxc7+ Kg8 47. Qxd6 Qd1+ 48. Kb2 Qd2+ 49. Ka3 Qa5+ 50.
Kb2 Qd2+ 51. Ka3 Qa5+ 52. Kb2 Qd2+ 1/2-1/2

[Event "*** Titled Tuesday Blitz"]
[Site "Chess.com"]
[Date "2020.05.19"]
[Round "10"]
[White "Mizner"]
[Black "praveenb2002"]
[Result "0-1"]
[WhiteElo "2552"]
[BlackElo "2726"]
[TimeControl "180+1"]
[EndTime "13:57:01 PDT"]
[Termination "praveenb2002 won on time"]

1. d4 d5 2. c4 c6 3. cxd5 cxd5 4. Nf3 Nc6 5. Nc3 Nf6 6. Bf4 a6 7. Rc1 Ne4 8. Ne5 Nxc3 9. Rxc3 Bd7 10. Nxd7 Qxd7 11. e3 e6 12. a3 Be7 13. Bd3 O-O 14.
Qc2 f5 15. O-O g5 16. Bg3 Bf6 17. f4 Qg7 18. fxg5 Bxg5 19. Bf4 Bxf4 20. Rxf4 Kh8 21. Qf2 Rf6 22. Rh4 Rg6 23. g3 Rg8 24. Bxa6 Nxd4 25. exd4 bxa6 26. Qf4 Qf6 27. Rc7 R6g7 28. Rh6 Qxh6 29.
Qxh6 Rxc7 30. Qf6+ Rcg7 31. Kf2 Re8 32. b4 Kg8 33.
Qe5 Rg4 34. Kf3 Re4 35. Qd6 Rxd4 36. Qxa6 e5 37. Qc6 e4+ 38. Kf4 e3+ 39. Kg5 Rde4 40.
Qxd5+ R4e6 41. Qd1 e2 42. Qe1 Rd6 0-1

[Event "*** Titled Tuesday Blitz"]
[Site "Chess.com"]
[Date "2020.05.19"]
[Round "10"]
[White "LuckSlayeer"]
[Black "GelmanAlexander"]
[Result "1-0"]
[WhiteElo "2462"]
[BlackElo "2567"]
[TimeControl "180+1"]
[EndTime "13:57:01 PDT"]
[Termination "LuckSlayeer won on time"]

1. Nf3 c5 2. c4 e6 3. Nc3 Nf6 4. e3 b6 5. d4 Bb7 6. d5 exd5 7. cxd5 a6 8. a4 d6 9. e4 Nbd7 10. Bd3 g6 11. O-O Bg7 12. Nd2 Ne5 13. Be2 g5 14.
Nc4 Nxc4 15. Bxc4 Nd7 16. f4 gxf4 17. Bxf4 Ne5 18. Be2 Qe7 19. Rb1 O-O 20. Kh1 f5 21. b4 Rac8 22. bxc5 Rxc5 23. Na2 fxe4 24. Rxb6 Bxd5 25.
Nb4 Ba8 26. Rxd6 a5 27. Na6 Rcc8 28. Rd2 Kh8 29. Be3 Rxf1+ 30. Qxf1 Rf8 31. Qg1 Nf3 32.
Bc5 Qh4 33. Bxf3 exf3 34. Bxf8 fxg2+ 35. Rxg2 Bxf8 36. Nc7 Be4 37. Qa1+ 1-0

[Event "*** Titled Tuesday Blitz"]
[Site "Chess.com"]
[Date "2020.05.19"]
[Round "10"]
[White "Luibov_AN"]
[Black "queen_iryna"]
[Result "1-0"]
[WhiteElo "2103"]
[BlackElo "2296"]
[TimeControl "180+1"]
[EndTime "13:57:02 PDT"]
[Termination "Luibov_AN won on time"]

1. d4 d5 2. c4 c6 3. Nf3 Nf6 4. Nc3 e6 5. e3 Bd6 6. Qc2 Nbd7 7.
Bd3 dxc4 8. Bxc4 b5 9. Bd3 Bb7 10. Ne4 Nxe4 11. Bxe4 Rc8 12. Bxh7 Nf6 13. Bd3 a6 14. a3 c5 15. dxc5 Bxc5 16. Qe2 Bxf3 17. gxf3 Qc7 18. f4 Qc6 19. f3 Nd5 20. Bd2 Qb6 21.
Rc1 Rd8 22. e4 Nf6 23. Bc3 Be3 24. Bd2 Bxd2+ 25. Qxd2 Qd4 26. Rc3 Nd7 27. Qf2 Qd6 28.
e5 Qe7 29. Rg1 Nc5 30. Bc2 Nb7 31. Rxg7 Qd7 32. Rd3 Qc7 33. Rxd8+ Qxd8 34. Qg2 Qd4 35. Rg8+ Rxg8 36. Qxg8+ Ke7 37. Qg5+ Kd7 38. Qg2 Qe3+ 39.
Qe2 Qxf4 40. Qd3+ Ke7 41. Qd2 Qxe5+ 42. Be4 Nd6 43. Qb4 1-0

[Event "*** Titled Tuesday Blitz"]
[Site "Chess.com"]
[Date "2020.05.19"]
[Round "10"]
[White "Baby_Legs"]
[Black "GMBenjaminFinegold"]
[Result "1-0"]
[WhiteElo "2713"]
[BlackElo "2551"]
[TimeControl "180+1"]
[EndTime "13:57:03 PDT"]
[Termination "Baby_Legs won on time"]

1. Nf3 Nf6 2. e3 d5 3. c4 c6 4. Nc3 g6 5. d4 Bg7 6. Be2 O-O 7.
O-O dxc4 8. Bxc4 Bg4 9. Be2 Nbd7 10. h3 Bxf3 11. Bxf3 e5 12. dxe5 Nxe5 13. Be2 Qb6 14. Qc2 Rad8 15. e4 Rfe8 16. Be3 Qb4 17. a3 Qa5 18. b4 Qc7 19. f4 Ned7 20. Rad1 Nb6 21. Kh1 Nbd5 22. Nxd5 Nxd5 23. Bd2 Qb6 24. Rf3 Nf6 25. e5 Nd5 26. Bc1 a5 27. bxa5 Qxa5 28. Qb3 b5 29. Rfd3 Rc8 30. Bf3 Bf8 31. Bxd5 cxd5 32.
Qxd5 Qa4 33. Bb2 Re6 34. f5 gxf5 35. Rg3+ Kh8 36. Kh2 Qf4 37. Qd7 Rg6 38. e6+ f6 39. Bxf6+ Rxf6 40. Qxc8 h5 41. e7 1-0

[Event "*** Titled Tuesday Blitz"]
[Site "Chess.com"]
[Date "2020.05.19"]
[Round "10"]
[White "dianosky"]
[Black "doons21"]
[Result "1-0"]
[WhiteElo "2415"]
[BlackElo "2523"]
[TimeControl "180+1"]
[EndTime "13:57:03 PDT"]
[Termination "dianosky won by checkmate"]

1. d4 Nf6 2. c4 g6 3. Nc3 Bg7 4.
e4 O-O 5. f4 d6 6. Be2 c5 7. d5 e6 8. Nf3 exd5 9. cxd5 Re8 10.
e5 Ng4 11. h3 Nh6 12. g4 a6 13. a4 Nd7 14. e6 Nf8 15. f5 gxf5 16. Bg5 Qb6 17. Qd2 fxg4 18. Bxh6 gxf3 19. Bxg7 Kxg7 20.
a5 Qd8 21. Rg1+ Ng6 22. Bxf3 Qh4+ 23. Kd1 Qxh3 24. Qf4 fxe6 25. Rg3 Qf5 26. Qxd6 exd5 27.
Bxd5 Be6 28. Qc7+ Kf6 29. Rf3 Rad8 30. Rxf5+ Kxf5 31. Kc2 Bxd5 32. Rf1+ Kg5 33. Qxh7 Re6 34. Rg1+ Kf5 35. Qh5+ Kf4 36. Nxd5+ Ke4 37. Rg4+ Kf3 38. Rxg6+ Kf2 39. Rxe6 Rxd5 40. Qxd5 c4 41. Qf5+ Kg1 42. Rg6+ Kh2 43. Qh5# 1-0

[Event "*** Titled Tuesday Blitz"]
[Site "Chess.com"]
[Date "2020.05.19"]
[Round "10"]
[White "Playgood28"]
[Black "Marty435"]
[Result "1/2-1/2"]
[WhiteElo "2295"]
[BlackElo "2407"]
[TimeControl "180+1"]
[EndTime "13:57:03 PDT"]
[Termination "Game drawn by repetition"]

1. d4 c6 2. e4 d5 3. Nd2 dxe4 4. Nxe4 Nd7 5. Nf3 Ngf6 6. Nxf6+ Nxf6 7. c3 Bf5 8. Bc4 e6 9. O-O Bd6 10. h3 O-O 11.
Re1 h6 12. Ne5 Qc7 13. Bf4 Rad8 14. Qe2 c5 15. Rac1 cxd4 16. cxd4 Qb6 17. Red1 Be4 18.
Bb3 Bd5 19. Bxd5 Nxd5 20. Bg3 Be7 21. Nc4 Qa6 22. a3 Rc8 23. Qd3 Nb6 24. b3 Nxc4 25.
bxc4 Rfd8 26. Qb3 b6 27. d5 exd5 28. cxd5 Rxc1 29. Rxc1 Qxa3 30. Qd1 Bd6 31. Rc6 Bxg3 32. fxg3 Qxg3 33. d6 g6 34. Kh1 Qe5 35. d7 Kg7 36. Rc8 Qe7 37. Rxd8 Qxd8 38. Qd4+ Kf8 39. Qd6+ Kg7 40.
Qc6 Kf8 41. Qd6+ Kg7 42. Qc6 Kf8 43. Qd6+ 1/2-1/2

[Event "*** Titled Tuesday Blitz"]
[Site "Chess.com"]
[Date "2020.05.19"]
[Round "10"]
[White "Perecke"]
[Black "IngOscarArdila"]
[Result "0-1"]
[WhiteElo "2246"]
[BlackElo "2074"]
[TimeControl "180+1"]
[EndTime "13:57:03 PDT"]
[Termination "IngOscarArdila won on time"]

1. e4 e5 2. Nf3 Nf6 3. Nxe5 d6 4. Nf3 Nxe4 5. Nc3 Nf6 6. d4 Be7 7. Bf4 O-O 8. Qd2 Nbd7 9. O-O-O Re8 10. Bd3 Nb6 11.
h3 Nbd5 12. Nxd5 Nxd5 13. Bh2 Bd7 14. Kb1 Nf6 15. Ng5 h6 16. Ne4 Bc6 17. Nxf6+ Bxf6 18. c3 Be4 19. Rhe1 Bxd3+ 20. Qxd3 Qd7 21. g4 Rxe1 22. Rxe1 Re8 23. Re3 Rxe3 24. fxe3 h5 25. Qe4 hxg4 26.
hxg4 d5 27. Qf4 c6 28. g5 Be7 29. a3 a6 30. Qb8+ Kh7 31. Bf4 Kg6 32. Ka2 Bxg5 33.
Bc7 b5 34. Qb6 Bxe3 35. Be5 f6 36. Bb8 Qc8 37. Bc7 Bg5 38. Qxc6 Bc1 39. Qc5 Qe6 40. Bd6 Qe2 41. Qb4 Qc4+ 42. Qxc4 dxc4 43. b3 Kf5 44.
bxc4 bxc4 45. Kb1 Be3 46. Kc2 Ke4 0-1

[Event "*** Titled Tuesday Blitz"]
[Site "Chess.com"]
[Date "2020.05.19"]
[Round "10"]
[White "manitodeplomo"]
[Black "kasparicy"]
[Result "1-0"]
[WhiteElo "2589"]
[BlackElo "2416"]
[TimeControl "180+1"]
[EndTime "13:57:04 PDT"]
[Termination "manitodeplomo won by resignation"]

1. Nf3 f5 2. g3 Nf6 3. Bg2 d6 4. O-O e5 5. c4 Nc6 6. Nc3 Be7 7. Rb1 a5 8. a3 O-O 9. b4 axb4 10. axb4 Qe8 11.
b5 Nd8 12. d3 Be6 13. Ng5 Rb8 14. Nxe6 Nxe6 15. Nd5 Kh8 16. f4 Bd8 17. fxe5 dxe5 18. Ba3 Rf7 19. Rxf5 Nxd5 20. Rxf7 Ne3 21. Qd2 Nxc4 22. dxc4 Qxf7 23. Rf1 Bf6 24. Qd5 Qe8 25. Bb2 Nd4 26. e3 c6 27. Qe4 Nb3 28. Qc2 Nc5 29.
Ba3 Ne6 30. Qf5 cxb5 31. cxb5 Nf8 32. b6 Ng6 33. h4 Ra8 34. Bd6 Rd8 35. Bc7 Rd2 36.
h5 Ne7 37. Qe4 Qxh5 38. Qxb7 h6 39. Qa8+ Kh7 40. Qe4+ Ng6 41. b7 1-0

[Event "*** Titled Tuesday Blitz"]
[Site "Chess.com"]
[Date "2020.05.19"]
[Round "10"]
[White "andriipalchuk"]
[Black "MidnightFox"]
[Result "0-1"]
[WhiteElo "2038"]
[BlackElo "2457"]
[TimeControl "180+1"]
[EndTime "13:57:05 PDT"]
[Termination "MidnightFox won on time"]

1. d4 Nf6 2. Bg5 e6 3. e4 h6 4. Bxf6 Qxf6 5. c3 h5 6. Bd3 Qh6 7. h4 d6 8. Nf3 Nd7 9. Nbd2 Nf6 10. e5 Ng4 11. Qe2 Bd7 12. O-O-O O-O-O 13. Kb1 Kb8 14. Ng5 Be8 15. f3 dxe5 16. fxg4 exd4 17. cxd4 Rxd4 18. Ndf3 Rxg4 19. Bf5 Bd6 20. Bxg4 hxg4 21. Nd4 e5 22. Nf5 Qg6 23. Qc2 f6 24. Nxd6 cxd6 25. Ne4 Qh7 26. h5 Bc6 27. Nxd6 Bxg2 28. Qxh7 Rxh7 29. Rhg1 Bf3 30.
Rc1 a6 31. Rc8+ Ka7 32. Rd8 Rxh5 33. Nc8+ Kb8 34. Ne7+ Kc7 35. Rd2 f5 36. Nd5+ Kb8 37. Ne3 f4 38. Nc4 e4 0-1

[Event "*** Titled Tuesday Blitz"]
[Site "Chess.com"]
[Date "2020.05.19"]
[Round "10"]
[White "talaicito"]
[Black "S_Kalvaitis"]
[Result "0-1"]
[WhiteElo "2164"]
[BlackElo "2334"]
[TimeControl "180+1"]
[EndTime "13:57:06 PDT"]
[Termination "S_Kalvaitis won on time"]

1. d4 d5 2. Nc3 Nc6 3. Bf4 Nf6 4. e3 a6 5. Nf3 Bg4 6. Qd2 e6 7. Ne5 Nxe5 8. dxe5 Nd7 9. h3 Bf5 10. g4 Bg6 11. h4 h6 12. h5 Bh7 13. Bd3 Bxd3 14. Qxd3 Nc5 15. Qe2 Be7 16. O-O-O c6 17. e4 Qa5 18. exd5 cxd5 19. Be3 O-O-O 20. f4 Kb8 21. Rd4 Rc8 22. Kb1 Qc7 23. f5 Rhd8 24. Rhd1 Ka8 25. Bf4 Qc6 26. a3 b5 27. Qf1 Nb7 28. R4d2 Na5 29.
Ne2 Nc4 30. Rd3 b4 31. Nd4 Qb6 32. Rb3 Na5 33. Rbd3 bxa3 34. b3 Rc7 35. Qg2 Rdc8 36. fxe6 fxe6 37. Nxe6 Qxe6 38. Rxd5 Nb7 39. Rd6 Bxd6 40.
exd6 Rxc2 41. Qf3 Rb2+ 42. Ka1 Qxb3 43. Qxb3 Rxb3 44. d7 Rd8 45. Bc7 Rb4 46. Bxd8 Nxd8 47. Rc1 Kb7 48. Rc8 Nc6 0-1

[Event "*** Titled Tuesday Blitz"]
[Site "Chess.com"]
[Date "2020.05.19"]
[Round "10"]
[White "djano"]
[Black "51616516516"]
[Result "1/2-1/2"]
[WhiteElo "2455"]
[BlackElo "2351"]
[TimeControl "180+1"]
[EndTime "13:57:07 PDT"]
[Termination "Game drawn by agreement"]

1. d4 Nf6 2. Nf3 g6 3. Bf4 Bg7 4. h3 O-O 5. c3 b6 6. Nbd2 Bb7 7. e3 d6 8. Bb5 Nbd7 9. Bh2 a6 10. Be2 e5 11.
O-O Qe7 12. a4 h6 13. Qc2 Rac8 14. dxe5 dxe5 15. e4 Nc5 16. Nxe5 Nfxe4 17. Ndf3 Rcd8 18. b4 Ne6 19. b5 a5 20. Rfe1 Qc5 21. Bd3 Nxc3 22.
Rac1 Bxf3 23. Nxf3 Nd4 24. Nxd4 Bxd4 25. Bxg6 Bxf2+ 26. Qxf2 Qxf2+ 27. Kxf2 fxg6+ 28. Kg1 Rd3 29. Re6 Rfd8 30.
Rce1 Rd1 31. Bxc7 Rxe1+ 32. Rxe1 Rd5 33. Bxb6 Nxa4 34. Bxa5 Rxb5 35. Bd2 1/2-1/2

[Event "*** Titled Tuesday Blitz"]
[Site "Chess.com"]
[Date "2020.05.19"]
[Round "10"]
[White "ketster"]
[Black "SerGo055"]
[Result "1/2-1/2"]
[WhiteElo "2398"]
[BlackElo "2572"]
[TimeControl "180+1"]
[EndTime "13:57:08 PDT"]
[Termination "Game drawn by repetition"]

1. d4 Nf6 2. c4 e6 3. Nc3 d5 4. cxd5 exd5 5. Bg5 c6 6. e3 Be7 7. Qc2 Nbd7 8. Bd3 Nh5 9. Bxe7 Qxe7 10. g4 Nhf6 11.
h3 Nb6 12. O-O-O Be6 13. Nf3 O-O-O 14. Kb1 Kb8 15. Rc1 g6 16. Na4 Nxa4 17. Qxa4 h5 18.
g5 Ne4 19. Bxe4 dxe4 20. Ne5 Bd5 21. h4 Rd6 22. Qb4 Re8 23. Rc3 Re6 24. Qa5 Rxe5 25. dxe5 Qxe5 26. Ra3 a6 27. Qc3 Qxc3 28. Rxc3 Re5 29.
b3 Rf5 30. Rc2 Kc7 31. Kb2 Kd6 32. Rd2 a5 33. Kc3 b5 34. a3 Re5 35. b4 a4 36.
Rh3 Re7 37. Rg3 Kc7 38. Rd4 Kd6 39. Rd2 Ke5 40. Rd4 Rc7 41. Rd2 Rc8 42. Rg1 Rc7 43. Rd4 Rc8 44. Rd2 Rc7 45. Rd4 Rc8 46. Rd2 1/2-1/2

[Event "*** Titled Tuesday Blitz"]
[Site "Chess.com"]
[Date "2020.05.19"]
[Round "10"]
[White "DanielTitichoca"]
[Black "davekoenig"]
[Result "1-0"]
[WhiteElo "2312"]
[BlackElo "2166"]
[TimeControl "180+1"]
[EndTime "13:57:08 PDT"]
[Termination "DanielTitichoca won on time"]

1. e4 e6 2. d3 d5 3. Nd2 Nf6 4. Ngf3 Nc6 5. g3 Be7 6. Bg2 e5 7. c3 O-O 8. O-O Re8 9. a3 Bg4 10. h3 Bh5 11. Qe2 Bf8 12. b4 a6 13. Bb2 Qd7 14. c4 dxe4 15. Nxe4 Nxe4 16. dxe4 Rad8 17.
g4 Bg6 18. Rad1 Qe7 19. Rd5 f6 20. Nh4 Bf7 21. Nf5 Qe6 22. Rfd1 Qc8 23. c5 g6 24. Ng3 Bxd5 25. exd5 Nd4 26. Qc4 b5 27. Qc1 Bg7 28. Rxd4 exd4 29. Bxd4 Re7 30. Qc3 Kf7 31. g5 Rde8 32. gxf6 Re1+ 33. Kh2 Bh6 34. d6 Qe6 35. dxc7 Rc8 36. Qf3 Rxc7 37. Ne4 Rxe4 38. Qxe4 Qxe4 39. Bxe4 Bf4+ 40. Kg2 Rd7 41. Bc3 1-0

[Event "*** Titled Tuesday Blitz"]
[Site "Chess.com"]
[Date "2020.05.19"]
[Round "10"]
[White "kuban1991"]
[Black "wonderfultime"]
[Result "0-1"]
[WhiteElo "2755"]
[BlackElo "2998"]
[TimeControl "180+1"]
[EndTime "13:57:09 PDT"]
[Termination "wonderfultime won by checkmate"]

1. e4 c5 2. Nc3 Nc6 3. Nge2 g6 4. d3 Bg7 5. Be3 Nd4 6. Qd2 e6 7.
Nd1 Ne7 8. c3 Nxe2 9. Bxe2 b6 10. Bh6 O-O 11. h4 Nc6 12. Bxg7 Kxg7 13. h5 g5 14. h6+ Kh8 15. Ne3 d5 16. exd5 exd5 17. Bf3 Be6 18. O-O-O Rc8 19. Kb1 d4 20. Nc2 dxc3 21.
Qxc3+ Nd4 22. Nxd4 cxd4 23. Qa3 a5 24. Rc1 Qf6 25.
Rxc8 Rxc8 26. Rc1 Rxc1+ 27. Kxc1 Qxh6 28. Be4 g4+ 29. Kd1 Kg7 30. Qe7 Qf4 31. g3 Qe5 32.
Kd2 h6 33. a3 a4 34. Qb4 Qg5+ 35. Ke2 Qe5 36. Kd2 b5 37. Qe7 h5 38. Qd8 Qc5 39.
Qb8 Bb3 40. Qf4 Qc2+ 41. Ke1 Qd1# 0-1

[Event "*** Titled Tuesday Blitz"]
[Site "Chess.com"]
[Date "2020.05.19"]
[Round "10"]
[White "lucliasco"]
[Black "Grandelicious"]
[Result "1/2-1/2"]
[WhiteElo "2692"]
[BlackElo "2777"]
[TimeControl "180+1"]
[EndTime "13:57:10 PDT"]
[Termination "Game drawn by repetition"]

1. b3 e5 2. Bb2 Nc6 3. e3 d5 4. d4 exd4 5. exd4 Bd6 6. Nf3 Nge7 7.
Bd3 O-O 8. O-O Bf5 9. Re1 Qd7 10. Ne5 Bxe5 11. dxe5 Rad8 12. Nd2 Bxd3 13. cxd3 d4 14. Nf3 Qf5 15. Qe2 Rd5 16. e6 Qxe6 17. Qxe6 fxe6 18. Rxe6 Ng6 19. Ree1 Nb4 20. Red1 c5 21. a3 Nc6 22.
Rac1 a5 23. Rc2 Re8 24. g3 Rf8 25. Ne1 Nge5 26. f4 Ng4 27. Ng2 Re8 28. Re1 Rxe1+ 29. Nxe1 b6 30. Re2 Kf7 31. Bc1 Rd6 32. Nf3 h6 33.
Bd2 Re6 34. Kf1 Nf6 35. Rxe6 Kxe6 36. h3 Kd5 37. g4 b5 38. Ke2 c4 39. bxc4+ bxc4 40.
dxc4+ Kxc4 41. Ne5+ Nxe5 42. fxe5 d3+ 43. Ke3 Nd5+ 44.
Ke4 Nc3+ 45. Ke3 Nd5+ 46. Ke4 Nc3+ 47. Ke3 Nd5+ 1/2-1/2

[Event "*** Titled Tuesday Blitz"]
[Site "Chess.com"]
[Date "2020.05.19"]
[Round "10"]
[White "Stronger1799"]
[Black "NormWeinstein"]
[Result "1-0"]
[WhiteElo "2361"]
[BlackElo "2443"]
[TimeControl "180+1"]
[EndTime "13:57:10 PDT"]
[Termination "Stronger1799 won by checkmate"]

1. e4 c5 2. Nf3 d6 3. d4 Nf6 4. Nc3 cxd4 5. Nxd4 Nc6 6. f3 e6 7.
Be3 d5 8. Bb5 Bd7 9. exd5 exd5 10.
Qd2 Bb4 11. O-O-O O-O 12. a3 Ba5 13. Nb3 Bb6 14. Bg5 d4 15. Nd5 Bf5 16. Bc4 Ne5 17.
Bxf6 gxf6 18. Qf4 Bg6 19. Nxf6+ Kg7 20. Nh5+ Bxh5 21. Qxe5+ Kh6 22. h4 f6 23. Qf4+ Kg7 24.
Nxd4 Bxd4 25. Rxd4 Qe7 26. Re4 Qc5 27. Rhe1 Kh8 28.
g4 Bg6 29. Re7 Rac8 30. h5 Qxc4 31. Qxc4 Rxc4 32. hxg6 hxg6 33. Rh1+ Kg8 34. Rhh7 Rfc8 35. Reg7+ Kf8 36. Rf7+ Kg8 37. Rfg7+ Kf8 38. Rf7+ Kg8 39. c3 Rf4 40. Rfg7+ Kf8 41. Rxg6 Rc6 42. Rgg7 Rxf3 43. Rxb7 Rc8 44. Rh8# 1-0

[Event "*** Titled Tuesday Blitz"]
[Site "Chess.com"]
[Date "2020.05.19"]
[Round "10"]
[White "lili_ani"]
[Black "JoachimMouhamad"]
[Result "1-0"]
[WhiteElo "2550"]
[BlackElo "2319"]
[TimeControl "180+1"]
[EndTime "13:57:11 PDT"]
[Termination "lili_ani won on time"]

1. e4 e5 2. Nf3 Nc6 3. Bc4 Nf6 4. d3 Be7 5. O-O O-O 6. Nc3 d6 7. a3 Na5 8. Ba2 c5 9. h3 Nc6 10. Ne2 Re8 11. Ng3 Bf8 12. Re1 Be6 13. Bxe6 Rxe6 14. Bd2 g6 15. b4 b6 16. c3 Bg7 17.
Bg5 h6 18. Bxf6 Qxf6 19. Nf1 Qd8 20. Ne3 Ne7 21. Qb3 Qd7 22. a4 Rd8 23. a5 d5 24.
bxc5 bxc5 25. c4 d4 26. Nd5 Nxd5 27. cxd5 Ree8 28. Re2 Rb8 29. Qc4 Rec8 30. Rc2 Rb4 31. Qa6 Qb7 32. Qxb7 Rxb7 33. Nd2 f6 34. Rb1 Rxb1+ 35.
Nxb1 Rb8 36. Nd2 Bf8 37. Kf1 Kf7 38. Ke2 Rb5 39. Nc4 Ke8 40. Rb2 a6 41. Rxb5 axb5 42. a6 bxc4 43. a7 cxd3+ 44. Kxd3 1-0

[Event "*** Titled Tuesday Blitz"]
[Site "Chess.com"]
[Date "2020.05.19"]
[Round "10"]
[White "Olga_Girya"]
[Black "BikingBrian"]
[Result "1-0"]
[WhiteElo "2405"]
[BlackElo "2236"]
[TimeControl "180+1"]
[EndTime "13:57:13 PDT"]
[Termination "Olga_Girya won by resignation"]

1. d4 Nf6 2. Nf3 g6 3. Bg5 Bg7 4. Nbd2 O-O 5. c3 c5 6. e3 cxd4 7. exd4 h6 8. Bh4 d6 9. Bc4 Nh5 10. O-O Qc7 11. Re1 g5 12. Bg3 Nxg3 13. hxg3 e6 14.
Bb3 Nc6 15. d5 Nd8 16. dxe6 Bxe6 17. Ne4 Bxb3 18. axb3 Ne6 19. Qxd6 Rfd8 20. Qxc7 Nxc7 21.
Red1 a6 22. Nc5 b5 23. b4 Bf8 24. Nb7 Rxd1+ 25. Rxd1 Ra7 26. Na5 Ne6 27. Ne5 Bg7 28. Nec6 Rc7 29. Nd8 Nxd8 30. Rxd8+ Kh7 31. Kf1 Ra7 32.
Nb3 Kg6 33. Rd6+ Kf5 34. Nc5 a5 35. bxa5 Rxa5 36. Ra6 Rxa6 37. Nxa6 Ke4 38. Ke2 f5 39.
Nc7 f4 40. gxf4 Kxf4 41. Nxb5 h5 42. Nd4 Be5 43. b4 h4 44. f3 g4 45. fxg4 Kxg4 46. b5 Kg3 47. Kf1 h3 48. gxh3 Kxh3 49. Ke2 Kg4 50.
Kd3 Kf4 51. c4 Bd6 52. c5 Bxc5 53. Ne6+ 1-0

[Event "*** Titled Tuesday Blitz"]
[Site "Chess.com"]
[Date "2020.05.19"]
[Round "10"]
[White "2nd_life"]
[Black "GMKrikor"]
[Result "1-0"]
[WhiteElo "2489"]
[BlackElo "2745"]
[TimeControl "180+1"]
[EndTime "13:57:14 PDT"]
[Termination "2nd_life won by checkmate"]

1. e4 c5 2. Nf3 e6 3. c3 d5 4.
exd5 Qxd5 5. d4 Nf6 6. Be3 Nc6 7.
Bd3 Be7 8. O-O O-O 9. h3 Rd8 10. Qe2 b6 11. a3 Bb7 12. b4 cxd4 13. cxd4 Rac8 14. Nbd2 Qh5 15. Rfc1 Nd5 16. Ne4 Nxe3 17. fxe3 Nb8 18. Ng3 Qh6 19. Be4 Bxe4 20. Nxe4 Nd7 21. Nf2 Nf6 22. Ne5 Re8 23. Nfg4 Nxg4 24. Nxg4 Qg5 25. Ne5 Bd6 26. Nf3 Qg3 27. Qa6 g5 28. Rxc8 Rxc8 29. Qxc8+ Kg7 30. Qc3 h5 31. Qe1 g4 32.
Qxg3 Bxg3 33. hxg4 hxg4 34. Ne5 f5 35. Nd3 Kf6 36.
Kf1 Bh2 37. Ke2 Kg5 38. Rh1 g3 39. Ne1 Kg4 40. Nf3 f4 41. Nxh2+ Kf5 42. Nf3 Ke4 43. Rh5 e5 44. Rxe5# 1-0